 Dungeon Crawl Stone Soup version 0.31-a0-261-g072fdb8a1f (webtiles) character file.

Game seed: 3623017685745413606

119 qw the Shooter (level 5, 0/30 HPs)
             Began as a Gargoyle Hexslinger on July 13, 2023.
             Slain by Duvessa
             ... wielding a +0 short sword
              (5 damage)
             ... on level 4 of the Dungeon.
             The game lasted 00:01:13 (2718 turns).

qw the Shooter (Gargoyle Hexslinger)                Turns: 2718, Time: 00:01:13

Health: 0/30       AC: 10    Str: 12    XL:     5   Next: 3%
Magic:  6/6        EV: 15    Int: 13    God:
Gold:   76         SH:  0    Dex: 14    Spells: 5/6 levels left

rFire   . . .        Y - +1 sling
rCold   + . .        (no shield)
rNeg    + . .        h - +0 ring mail
rPois   inf          (no helmet)
rElec   +            (no cloak)
rCorr   .            (no gloves)
SInv    .            c - +0 pair of boots
Will    .....        (no amulet)
Stlth   +            a - +5 ring of evasion
HPRegen 0.25/turn    f - ring of protection from cold
MPRegen 0.10/turn

%: no passive effects
@: no status effects
A: sickness immunity, AC +4, negative energy resistance 1, electricity
resistance, torment resistance 1, petrification resistance
a: no special abilities


You were on level 4 of the Dungeon.
You visited 1 branch of the dungeon, and saw 4 of its levels.

You collected 154 gold pieces.
You spent 78 gold pieces at shops.


Innate Abilities, Weirdness & Mutations

You are immune to sickness and miasma.
Your stone body is resilient. (AC +4)
You are immune to poison.
You resist negative energy. (rN+)
You are resistant to electric shocks. (rElec)
You are resistant to unholy torment.
You are immune to petrification.


   Skills:
 - Level 2.0 Fighting
 - Level 4.6 Ranged Weapons
 + Level 0.8 Armour
 - Level 1.5 Dodging
 - Level 1.0 Spellcasting
 - Level 2.6 Hexes


You had 5 spell levels left.
You knew the following spells:

 Your Spells              Type           Power      Damage    Failure   Level
a - Slow                  Hex            28%        N/A       22%         1

Your spell library contained the following spells:

 Spells                   Type           Power      Damage    Failure   Level
 Inner Flame              Hex/Fire       4%         N/A       73%         3
 Portal Projectile        Hex/Tloc       8%         N/A       73%         3
 Cause Fear               Hex            3%         N/A       91%         4

Inventory:

Hand Weapons
 Y - a +1 sling (weapon)
Armour
 c - a +0 pair of boots (worn)
 h - a +0 ring mail (worn)
 j - a +0 cloak
Jewellery
 a - a +5 ring of evasion (left hand)
 f - a ring of protection from cold (right hand)
 k - the ring "Kaholec" {Fire rElec MP+9 Int-4 Dex+8}
   (You found it on level 4 of the Dungeon)

   [ring of fire]

   It enhances your fire magic.
   Int:       It affects your intelligence (-4).
   Dex:       It affects your dexterity (+8).
   rF:        It protects you from fire.
   rC:        It makes you vulnerable to cold.
   rElec:     It insulates you from electricity.
   MP:        It affects your magic capacity (+9).
Scrolls
 e - a scroll of identify
 i - a scroll of teleportation
Potions
 b - a potion of haste {unknown}
 d - a potion of enlightenment
 g - a potion of ambrosia {unknown}
 l - 2 potions of might {unknown}

Dungeon Overview and Level Annotations

Branches:
Dungeon (4/15)
 Temple: D:4-7

Altars:
Trog

Shops:
D:1 *:?[[   D:4 [

Annotations:
D:4 Dowan, Duvessa


Message History

Dowan closely misses you. Duvessa closely misses you.
You shoot a sling bullet. The sling bullet hits Duvessa.
Duvessa is moderately wounded.
Duvessa hits you but does no damage. Dowan barely misses you.
You shoot a sling bullet. The sling bullet hits Duvessa.
Duvessa is moderately wounded.
Duvessa hits you with a +0 short sword. Dowan hits you with a +0 dagger.
You shoot a sling bullet. The sling bullet hits Duvessa.
Duvessa is moderately wounded.
Duvessa hits you but does no damage. Dowan barely misses you.
Dowan hits you with a +0 dagger.
Duvessa says, "Where magic fails, the sword succeeds!"
Duvessa completely misses you.
You shoot a sling bullet.
The sling bullet hits Duvessa but does no damage.
Duvessa is moderately wounded.
Duvessa hits you but does no damage. Dowan hits you but does no damage.
You shoot a sling bullet.
The sling bullet completely misses Duvessa.
Duvessa closely misses you. Dowan misses you.
You shoot a sling bullet.
The sling bullet closely misses Duvessa.
Duvessa barely misses you. Dowan casts a spell at you.
The puff of frost hits you. You resist. Dowan misses you.
Duvessa hits you but does no damage.
You shoot a sling bullet.
The sling bullet closely misses Duvessa.
Duvessa hits you but does no damage. Dowan misses you.
You shoot a sling bullet.
The sling bullet hits Duvessa but does no damage.
Duvessa is moderately wounded.
Duvessa misses you. Dowan hits you with a +0 dagger.
You shoot a sling bullet. The sling bullet hits Duvessa.
Duvessa is moderately wounded.
Duvessa hits you with a +0 short sword.
Dowan casts a spell at Duvessa.
Duvessa seems to speed up.
Dowan completely misses you. Duvessa hits you with a +0 short sword.
You die...

+.....##'##.####
#..#.....#...#.#<..
#..###.#+#...#.####
#... +.#.#.#.#.#...
#..# ###...)...###.
#..# #.#.#.### #.
#..# #.#.#.# #.
#.e# #.#.#.# #.
#e@# #.#.#.# #.
#..#####.#.#.# #.
#........#.#.# #.
##.#######.#.# #.
#.# #.# #####.
#.#######.# ......
#.........# #####.
#.######### #. #.#
##


You could see Duvessa (fast) and Dowan.

Vanquished Creatures
  A jelly (D:3)
  A worm (D:2)
  4 dart slugs
  7 orcs
  5 bats
  7 endoplasms
  3 giant cockroaches
  7 goblins
  2 hobgoblins (D:1)
  3 quokkas
  7 ball pythons
  4 frilled lizards
  8 kobolds
  6 rats
65 creatures vanquished.

Notes
Turn   | Place    | Note
-------+----------+-------------------------------------------
     0 | D:1      | qw the Gargoyle Hexslinger began the quest for the Orb.
     0 | D:1      | Reached XP level 1. HP: 12/12 MP: 2/2
     0 | D:1      | 0 ||| qw: Version: 0.3-a-52-g30416fa
     0 | D:1      | 0 ||| qw: Game counter: 7030
     0 | D:1      | 0 ||| qw: Melee chars always use a shield: true
     0 | D:1      | 0 ||| qw: God list: Okawaru
     0 | D:1      | 0 ||| qw: Allow faded altars: false
     0 | D:1      | 0 ||| qw: Do Orc after clearing Dungeon:15 true
     0 | D:1      | 0 ||| qw: Do second Lair branch before Depths: true
     0 | D:1      | 0 ||| qw: Lair rune preference: random
     0 | D:1      | 0 ||| qw: Goals: Normal
     0 | D:1      | 0 ||| PLANNING D:1-11
    74 | D:1      | Reached XP level 2. HP: 16/16 MP: 3/3
   117 | D:1      | 117 ||| FLEEEEING.
   140 | D:1      | Found Aczij's Armour Shop.
   149 | D:1      | 149 ||| SHOPLISTING +0 pair of boots (45 gold, have 26).
   149 | D:1      | 149 ||| SHOPLISTING +0 ring mail (40 gold, have 26).
   149 | D:1      | 149 ||| SHOPLISTING +1 hat (110 gold, have 26).
   149 | D:1      | 149 ||| SHOPLISTING +3 pair of mountain boots {steadfast,
                  | rC+} (335 gold, have 26).
   167 | D:1      | Found Asedoore's Antique Armour Shoppe.
   172 | D:1      | 172 ||| SHOPLISTING leather armour (42 gold, have 26).
   172 | D:1      | 172 ||| SHOPLISTING ring mail (84 gold, have 26).
   188 | D:1      | Found Caelypan's Magic Scroll Boutique.
   190 | D:1      | Found Kuoczav's Book Shop.
   196 | D:1      | 196 ||| BUYING scroll of identify (20 gold).
   196 | D:1      | Bought a scroll of identify for 20 gold pieces
   196 | D:1      | 196 ||| SHOPLISTING scroll of identify (20 gold, have 6).
   196 | D:1      | 196 ||| SHOPLISTING scroll of teleportation (30 gold, have
                  | 6).
   211 | D:1      | Found Dattety's General Store.
   218 | D:1      | 218 ||| SHOPLISTING +4 ring of protection (360 gold, have
                  | 6).
   218 | D:1      | 218 ||| SHOPLISTING scroll of enchant weapon (75 gold, have
                  | 6).
   240 | D:1      | Reached skill level 3 in Ranged Weapons
   524 | D:1      | Reached XP level 3. HP: 15/21 MP: 4/4
   851 | D:1      | 851 ||| READING scroll labelled DUEZIDGH XAPPIC.
   852 | D:1      | 852 ||| READING scroll labelled NOSUDGH XILUR.
   857 | D:1      | 857 ||| READING scroll labelled ACSO UGIPA.
   858 | D:1      | 858 ||| DRINKING 3 emerald potions.
   859 | D:1      | 859 ||| DROPPING scroll of poison.
   860 | D:1      | 860 ||| DROPPING 2 potions of brilliance.
  1552 | D:2      | 1552 ||| UPGRADING to +0 leather armour.
  1562 | D:2      | 1562 ||| DROPPING +0 robe.
  1563 | D:2      | 1563 ||| UPGRADING to +5 ring of evasion.
  1564 | D:2      | 1564 ||| READING scroll labelled DURCHA UTYLO.
  1565 | D:2      | 1565 ||| READING 3 scrolls of identify.
  1565 | D:2      | 1565 ||| IDENTIFYING metallic sapphire potion
  1566 | D:2      | 1566 ||| DROPPING potion of invisibility.
  1628 | D:3      | Found a bloodstained altar of Trog.
  1659 | D:3      | Reached skill level 4 in Ranged Weapons
  1659 | D:3      | Reached XP level 4. HP: 26/26 MP: 5/5
  1826 | D:3      | 1826 ||| UPGRADING to +0 pair of boots.
  1831 | D:3      | 1831 ||| UPGRADING to ring of protection from cold.
  1832 | D:3      | 1832 ||| READING 2 scrolls of identify.
  1832 | D:3      | 1832 ||| IDENTIFYING metallic inky potion
  2224 | D:3      | 2224 ||| UPGRADING to +0 ring mail.
  2234 | D:3      | 2234 ||| DROPPING +0 leather armour.
  2310 | D:4      | Found Beacomp's Armour Boutique.
  2319 | D:4      | 2319 ||| BUYING +0 cloak (58 gold).
  2319 | D:4      | Bought a +0 cloak for 58 gold pieces
  2319 | D:4      | 2319 ||| SHOPLISTING +0 pair of gloves (58 gold, have 48).
  2431 | D:4      | Identified the ring "Kaholec" {Fire rElec MP+9 Int-4 Dex+8}
  2629 | D:4      | Reached XP level 5. HP: 30/30 MP: 6/6
  2698 | D:4      | Noticed Duvessa
  2699 | D:4      | Noticed Dowan
  2718 | D:4      | HP: 5/30 [Duvessa/+0 short sword (6)]
  2718 | D:4      | Slain by Duvessa

Levels and vault maps discovered:
D:1:      eino_arrival_water_star, layout_basic, serial_shops, shop, shop, shop,
          shop, shop
D:2:      layout_basic
D:3:      minmay_general_purpose_star, layout_rooms, bloody_trog
D:4:      nicolae_cairo_tiling_large, layout_basic, serial_shops,
          nicolae_shop_trees, minmay_misc_feat_doors, uniq_duvessa

Skill      XL: |  1  2  3 |
---------------+----------+-----
Ranged Weapons | 3 4 |  4.6
Fighting       | 2 |  2.0
Armour         | |  0.8
Dodging        | |  1.5
Spellcasting   | |  1.0
Hexes          | |  2.6

Action                     |  1- 3 |  4- 6 || total
---------------------------+-------+-------++-------
   Fire: Sling             |   125 |   103 ||   228
    Use: Scroll            |     5 |     1 ||     6
         Potion            |     1 |       ||     1
 Armour: Robe              |    11 |       ||    11
         Leather armour    |       |    10 ||    10
         Ring mail         |       |    15 ||    15
  Dodge: Dodged            |    24 |    49 ||    73

Table legend:
 A = Non-vault XP
 B = Vault XP
 C = Vault XP percentage of total XP
 D = Non-vault monster count
 E = Vault monster count
 F = Vault count percentage of total count
                 A         B        C        D         E       F
            +---------+---------+-------+---------+---------+-------
      Total |     164 |       7 |   4.1 |      61 |       4 |   6.2
            +---------+---------+-------+---------+---------+-------
        D:1 |      45 |       0 |   0.0 |      25 |       0 |   0.0
        D:2 |      24 |       0 |   0.0 |      11 |       0 |   0.0
        D:3 |      80 |       7 |   8.0 |      19 |       4 |  17.4
        D:4 |      15 |       0 |   0.0 |       6 |       0 |   0.0
            +---------+---------+-------+---------+---------+-------
